TOP OF THE 1ST |
Detroit Red Wings batting - Pitching for Niagara Falls Phantoms : LHP Gordon Jing
|
Pitching: LHP Gordon Jing
|
|
Batting: RHB Alex Duarte
|
0-0: Ground out 4-3 (Groundball, 4, EV 81.2 MPH)
|
Batting: RHB Carlos Avila
|
0-0: Ball 1-0: Ball 2-0: Foul Ball, location: 2F 2-1: SINGLE (Groundball, 15S, EV 76.9 MPH) (infield hit)
|
Batting: RHB Juan Perez
|
0-0: Ball 1-0: Ball 2-0: Foul Ball, location: 2F 2-1: Fly out, F8 (Flyball, 89M, EV 81.2 MPH)
|
Batting: RHB Jorge Lebron
|
0-0: Ball 1-0: Foul Ball, location: 2F 1-1: Ball 2-1: Fly out, F7 (Flyball, 7LSF, EV 87.5 MPH)
|
Top of the 1st over - 0 runs, 1 hit, 0 errors, 1 left on base; Detroit 0 - Niagara Falls 0 |
BOTTOM OF THE 1ST |
Niagara Falls Phantoms batting - Pitching for Detroit Red Wings : LHP Ricky Herrera
|
Pitching: LHP Ricky Herrera
|
|
Batting: RHB Jose Villanueva
|
0-0: Called Strike 0-1: Called Strike 0-2: Foul Ball, location: 2F 0-2: Ball 1-2: Strikes out looking
|
Batting: RHB Tchaa Kombate
|
0-0: Ball 1-0: Foul Ball, location: 2F 1-1: Swinging Strike 1-2: Foul Ball, location: 2F 1-2: Ball 2-2: Strikes out looking
|
Batting: LHB Danny de Leon
|
0-0: Swinging Strike 0-1: Foul Ball, location: 2F 0-2: Foul Ball, location: 2F 0-2: Strikes out swinging
|
Bottom of the 1st over - 0 runs, 0 hits, 0 errors, 0 left on base; Detroit 0 - Niagara Falls 0 |
TOP OF THE 2ND |
Detroit Red Wings batting - Pitching for Niagara Falls Phantoms : LHP Gordon Jing
|
Batting: RHB António Scarlett
|
0-0: Foul Ball, location: 2F 0-1: Foul Ball, location: 2F 0-2: Ball 1-2: Strikes out swinging
|
Batting: RHB Yankel Pensak
|
0-0: Ball 1-0: Ball 2-0: Ball 3-0: Called Strike 3-1: SINGLE (Groundball, 56D, EV 106.9 MPH)
|
Batting: LHB Iestyn Peacock
|
0-0: Ball 1-0: Swinging Strike 1-1: Foul Ball, location: 2F 1-2: Strikes out swinging
|
Batting: LHB Duda Pinho
|
0-0: Ball 1-0: Swinging Strike 1-1: Fly out, F5 (Line Drive, 5L, EV 65.6 MPH)
|
Top of the 2nd over - 0 runs, 1 hit, 0 errors, 1 left on base; Detroit 0 - Niagara Falls 0 |
BOTTOM OF THE 2ND |
Niagara Falls Phantoms batting - Pitching for Detroit Red Wings : LHP Ricky Herrera
|
Batting: RHB Ken Stair
|
0-0: Ball 1-0: Ball 2-0: Fly out, F9 (Flyball, 89D, EV 80.6 MPH)
|
Batting: SHB Dylan Best
|
0-0: Ball 1-0: Called Strike 1-1: Called Strike 1-2: Foul Ball, location: 2F 1-2: Ball 2-2: Ball 3-2: Base on Balls
|
Batting: RHB Arturo Gomez
|
0-0: Swinging Strike 0-1: Ball 1-1: Ball 2-1: Ball 3-1: Foul Ball, location: 2F 3-2: Base on Balls Dylan Best to second
|
Batting: LHB Dave Ortiz
|
0-0: Ball 1-0: Foul Ball, location: 2F 1-1: Called Strike 1-2: Ball 2-2: Foul Ball, location: 2F 2-2: Foul Ball, location: 2F 2-2: SINGLE (Groundball, 6, EV 95.0 MPH) Dylan Best to third Arturo Gomez to second Runner from 3rd tries for Home, throw by CF and OUT! 8-2
|
Batting: SHB Hui Li
|
0-0: Foul Ball, location: 2F 0-1: Called Strike 0-2: Ball 1-2: Strikes out looking
|
Bottom of the 2nd over - 0 runs, 1 hit, 0 errors, 2 left on base; Detroit 0 - Niagara Falls 0 |
TOP OF THE 3RD |
Detroit Red Wings batting - Pitching for Niagara Falls Phantoms : LHP Gordon Jing
|
Batting: SHB Franklin Garza
|
0-0: Foul Ball, location: 2F 0-1: Called Strike 0-2: Ball 1-2: Strikes out looking
|
Batting: RHB Alex Duarte
|
0-0: Ground out 5-3 (Groundball, 25, EV 65.6 MPH)
|
Batting: RHB Carlos Avila
|
0-0: Ball 1-0: Foul Ball, location: 2F 1-1: Foul Ball, location: 2F 1-2: Strikes out looking
|
Top of the 3rd over - 0 runs, 0 hits, 0 errors, 0 left on base; Detroit 0 - Niagara Falls 0 |
BOTTOM OF THE 3RD |
Niagara Falls Phantoms batting - Pitching for Detroit Red Wings : LHP Ricky Herrera
|
Batting: LHB Victor Reyna
|
0-0: Foul Ball, location: 2F 0-1: Swinging Strike 0-2: Strikes out looking
|
Batting: RHB Jose Villanueva
|
0-0: Called Strike 0-1: Called Strike 0-2: Ball 1-2: Ball 2-2: Ball 3-2: Foul Ball, location: 2F 3-2: Strikes out swinging
|
Batting: RHB Tchaa Kombate
|
0-0: Called Strike 0-1: Ball 1-1: Ball 2-1: Ball 3-1: Foul Ball, location: 2F 3-2: Base on Balls
|
Batting: LHB Danny de Leon
|
0-0: Ball 1-0: Foul Ball, location: 2F 1-1: Ball 2-1: Ball 3-1: Base on Balls Tchaa Kombate to second
|
Batting: RHB Ken Stair
|
0-0: Ball 1-0: Called Strike 1-1: Foul Ball, location: 2F 1-2: Strikes out swinging
|
Bottom of the 3rd over - 0 runs, 0 hits, 0 errors, 2 left on base; Detroit 0 - Niagara Falls 0 |
TOP OF THE 4TH |
Detroit Red Wings batting - Pitching for Niagara Falls Phantoms : LHP Gordon Jing
|
Batting: RHB Juan Perez
|
0-0: Called Strike 0-1: Ball 1-1: Called Strike 1-2: Ball 2-2: Fly out, F7 (Flyball, 78M, EV 80.0 MPH)
|
Batting: RHB Jorge Lebron
|
0-0: Ball 1-0: Ball 2-0: Ball 3-0: Called Strike 3-1: Base on Balls
|
Batting: RHB António Scarlett
|
0-0: Swinging Strike 0-1: Ball 1-1: 2-RUN HOME RUN (Flyball, 9D, EV 98.1 MPH), Distance : 359 ft
|
Batting: RHB Yankel Pensak
|
0-0: Ball 1-0: Reached on error, E6 (Groundball, 56, EV 104.4 MPH)
|
Batting: LHB Iestyn Peacock
|
0-0: Ball 1-0: Ball 2-0: Swinging Strike 2-1: Foul Ball, location: 2F 2-2: Foul Ball, location: 2F 2-2: Strikes out swinging
|
Batting: LHB Duda Pinho
|
0-0: Foul Ball, location: 2F 0-1: Ball 1-1: Swinging Strike 1-2: Ball 2-2: Foul Ball, location: 2F 2-2: Foul Ball, location: 2F 2-2: Foul Ball, location: 2F 2-2: Ball 3-2: Strikes out looking
|
Top of the 4th over - 2 runs, 1 hit, 1 error, 1 left on base; Detroit 2 - Niagara Falls 0 |
BOTTOM OF THE 4TH |
Niagara Falls Phantoms batting - Pitching for Detroit Red Wings : LHP Ricky Herrera
|
Batting: SHB Dylan Best
|
0-0: Ball 1-0: Called Strike 1-1: Ball 2-1: Foul Ball, location: 2F 2-2: Ball 3-2: Ground out 4-3 (Groundball, 4, EV 79.4 MPH)
|
Batting: RHB Arturo Gomez
|
0-0: Ground out 4-3 (Groundball, 4, EV 88.1 MPH)
|
Batting: LHB Dave Ortiz
|
0-0: Fly out, F7 (Line Drive, 7S, EV 90.6 MPH)
|
Bottom of the 4th over - 0 runs, 0 hits, 0 errors, 0 left on base; Detroit 2 - Niagara Falls 0 |
TOP OF THE 5TH |
Detroit Red Wings batting - Pitching for Niagara Falls Phantoms : LHP Gordon Jing
|
Batting: SHB Franklin Garza
|
0-0: Called Strike 0-1: Swinging Strike 0-2: Ball 1-2: Ball 2-2: Strikes out swinging
|
Batting: RHB Alex Duarte
|
0-0: Ball 1-0: Ground out 6-3 (Groundball, 6, EV 83.8 MPH)
|
Batting: RHB Carlos Avila
|
0-0: Ball 1-0: Ground out 4-3 (Groundball, 4, EV 96.9 MPH)
|
Top of the 5th over - 0 runs, 0 hits, 0 errors, 0 left on base; Detroit 2 - Niagara Falls 0 |
BOTTOM OF THE 5TH |
Niagara Falls Phantoms batting - Pitching for Detroit Red Wings : LHP Ricky Herrera
|
Batting: SHB Hui Li
|
0-0: Swinging Strike 0-1: Foul Ball, location: 2F 0-2: Foul Ball, location: 2F 0-2: Ball 1-2: Foul Ball, location: 2F 1-2: Strikes out swinging
|
Batting: LHB Victor Reyna
|
0-0: Ground out 4-3 (Groundball, 4, EV 103.1 MPH)
|
Batting: RHB Jose Villanueva
|
0-0: Ball 1-0: Called Strike 1-1: Swinging Strike 1-2: Foul Ball, location: 2F 1-2: Strikes out swinging
|
Bottom of the 5th over - 0 runs, 0 hits, 0 errors, 0 left on base; Detroit 2 - Niagara Falls 0 |
TOP OF THE 6TH |
Detroit Red Wings batting - Pitching for Niagara Falls Phantoms : LHP Gordon Jing
|
Batting: RHB Juan Perez
|
0-0: Swinging Strike 0-1: Ball 1-1: Swinging Strike 1-2: Foul Ball, location: 2F 1-2: Ball 2-2: Ball 3-2: Strikes out swinging
|
Batting: RHB Jorge Lebron
|
0-0: SINGLE (Groundball, 34D, EV 95.0 MPH)
|
Batting: RHB António Scarlett
|
0-0: Ball 1-0: Foul Ball, location: 2F 1-1: Ball 2-1: Foul Ball, location: 2F 2-2: Ball 3-2: Fly out, F8 (Line Drive, 8LD, EV 96.9 MPH)
|
Batting: RHB Yankel Pensak
|
0-0: Ball 1-0: Foul Ball, location: 2F 1-1: Ball 2-1: SINGLE (Groundball, 6M, EV 103.8 MPH) (infield hit) Jorge Lebron to second
|
Batting: LHB Iestyn Peacock
|
0-0: Ball 1-0: Called Strike 1-1: Foul Ball, location: 2F 1-2: Ball 2-2: Foul Ball, location: 2F 2-2: Strikes out swinging
|
Top of the 6th over - 0 runs, 2 hits, 0 errors, 2 left on base; Detroit 2 - Niagara Falls 0 |
BOTTOM OF THE 6TH |
Niagara Falls Phantoms batting - Pitching for Detroit Red Wings : LHP Ricky Herrera
|
Batting: RHB Tchaa Kombate
|
0-0: Called Strike 0-1: Ball 1-1: Swinging Strike 1-2: Strikes out swinging
|
Batting: LHB Danny de Leon
|
0-0: Called Strike 0-1: Ball 1-1: Foul Ball, location: 2F 1-2: Foul Ball, location: 2F 1-2: Strikes out swinging
|
Batting: RHB Ken Stair
|
0-0: Called Strike 0-1: Ball 1-1: Ball 2-1: Ball 3-1: Base on Balls
|
Batting: SHB Dylan Best
|
0-0: Ball 1-0: Ball 2-0: Ground out U3 (Groundball, 3, EV 101.9 MPH)
|
Bottom of the 6th over - 0 runs, 0 hits, 0 errors, 1 left on base; Detroit 2 - Niagara Falls 0 |
TOP OF THE 7TH |
Detroit Red Wings batting - Pitching for Niagara Falls Phantoms : LHP Gordon Jing
|
Batting: LHB Duda Pinho
|
0-0: SINGLE (Groundball, 6MS, EV 58.8 MPH) (infield hit)
|
Batting: SHB Franklin Garza
|
0-0: Ball Duda Pinho steals 2nd base (no throw) 1-0: Foul Ball, location: 2F 1-1: Ball 2-1: Foul Ball, location: 2F 2-2: Ball 3-2: Fly out, F9 (Line Drive, 9, EV 111.9 MPH) Throwing error, E9 Duda Pinho scores
|
Batting: RHB Alex Duarte
|
0-0: Called Strike 0-1: Foul Ball, location: 2F 0-2: Strikes out looking
|
Batting: RHB Carlos Avila
|
0-0: Called Strike 0-1: Swinging Strike 0-2: Foul Ball, location: 2F 0-2: Strikes out swinging
|
Top of the 7th over - 1 run, 1 hit, 1 error, 0 left on base; Detroit 3 - Niagara Falls 0 |
BOTTOM OF THE 7TH |
Niagara Falls Phantoms batting - Pitching for Detroit Red Wings : LHP Ricky Herrera
|
Batting: RHB Arturo Gomez
|
0-0: Ball 1-0: Ball 2-0: Swinging Strike 2-1: Ball 3-1: Base on Balls
|
Batting: LHB Dave Ortiz
|
0-0: Ball 1-0: Foul Ball, location: 2F 1-1: Ball 2-1: Swinging Strike 2-2: Strikes out swinging
|
Batting: SHB Hui Li
|
0-0: Ball 1-0: Ball 2-0: Called Strike 2-1: 2-RUN HOME RUN (Line Drive, 78XD, EV 112.5 MPH), Distance : 418 ft
|
Pitching: LHP Greg Bradley
|
|
Pinch Hitting: RHB Paul Ngumi
|
0-0: Swinging Strike 0-1: Ball 1-1: Ball 2-1: Ground out 5-3 (Groundball, 56S, EV 83.1 MPH)
|
Batting: RHB Jose Villanueva
|
0-0: Swinging Strike 0-1: Ball 1-1: Called Strike 1-2: Strikes out swinging
|
Bottom of the 7th over - 2 runs, 1 hit, 0 errors, 0 left on base; Detroit 3 - Niagara Falls 2 |
TOP OF THE 8TH |
Detroit Red Wings batting - Pitching for Niagara Falls Phantoms : LHP Gordon Jing
|
Pitching: RHP Francisco Rosado
|
|
Now in CF: Ernesto Abreu
|
|
Batting: RHB Juan Perez
|
0-0: Ball 1-0: SINGLE (Line Drive, 9S, EV 101.2 MPH)
|
Batting: RHB Jorge Lebron
|
0-0: Grounds into double play, 5-4-3 (Groundball, 5, EV 104.4 MPH)
|
Batting: RHB António Scarlett
|
0-0: Ball 1-0: Called Strike 1-1: Called Strike 1-2: Foul Ball, location: 2F 1-2: Strikes out swinging wild pitch, reaches first!
|
Batting: RHB Yankel Pensak
|
0-0: Ball 1-0: Fielders Choice at 2nd, 6-4 (Groundball, 6, EV 80.6 MPH)
|
Top of the 8th over - 0 runs, 1 hit, 0 errors, 1 left on base; Detroit 3 - Niagara Falls 2 |
BOTTOM OF THE 8TH |
Niagara Falls Phantoms batting - Pitching for Detroit Red Wings : LHP Greg Bradley
|
Batting: LHB Chris Viehman
|
0-0: SINGLE (Line Drive, 4D, EV 96.9 MPH)
|
Batting: LHB Danny de Leon
|
0-0: Ball 1-0: Fly out, F8 (Flyball, 8RD, EV 101.9 MPH)
|
Batting: RHB Ken Stair
|
0-0: Called Strike 0-1: Foul Ball, location: 2F 0-2: Strikes out swinging
|
Batting: SHB Dylan Best
|
0-0: Ball 1-0: Fielders Choice at 2nd, 6-4 (Groundball, 56, EV 86.9 MPH)
|
Bottom of the 8th over - 0 runs, 1 hit, 0 errors, 1 left on base; Detroit 3 - Niagara Falls 2 |
TOP OF THE 9TH |
Detroit Red Wings batting - Pitching for Niagara Falls Phantoms : RHP Francisco Rosado
|
Pitching: RHP Frank Medrano
|
|
Batting: LHB Iestyn Peacock
|
0-0: Ball 1-0: Called Strike 1-1: Ball 2-1: Fly out, F4 (Popup, 4S, EV 66.9 MPH)
|
Batting: LHB Duda Pinho
|
0-0: Ball 1-0: Fly out, F7 (Flyball, 78M, EV 76.9 MPH)
|
Pinch Hitting: RHB John Barton
|
0-0: Fly out, F8 (Flyball, 8RXD, EV 90.6 MPH)
|
Top of the 9th over - 0 runs, 0 hits, 0 errors, 0 left on base; Detroit 3 - Niagara Falls 2 |
BOTTOM OF THE 9TH |
Niagara Falls Phantoms batting - Pitching for Detroit Red Wings : LHP Greg Bradley
|
Now at 1B: Simon Barry
|
|
Pinch Hitting: LHB Luis Ponce
|
0-0: SINGLE (Groundball, 6MD, EV 107.5 MPH)
|
Batting: LHB Dave Ortiz
|
0-0: Foul Ball, location: 2F 0-1: Ball 1-1: Bunted foul 1-2: Foul Ball, location: 2F 1-2: Strikes out swinging
|
Batting: SHB Hui Li
|
0-0: Ball 1-0: Called Strike 1-1: Ball 2-1: Called Strike 2-2: Strikes out looking
|
Batting: LHB Ernesto Abreu
|
0-0: Foul Ball, location: 2F 0-1: Ball 1-1: Ball 2-1: Foul Ball, location: 2F 2-2: Fly out, F8 (Flyball, 8RXD, EV 87.5 MPH)
|
Bottom of the 9th over - 0 runs, 1 hit, 0 errors, 1 left on base; Detroit 3 - Niagara Falls 2 |
|